 Dungeon Crawl Stone Soup version 0.17.0-9-g801d43b (webtiles) character file.

255 dorian the Covered (level 5, -5/45 HPs)
             Began as a Minotaur Abyssal Knight on Nov 9, 2015.
             Was a Believer of Lugonu.
             Slain by dorian's ghost (10 damage)
             ... on level 3 of the Dungeon.
             The game lasted 00:04:08 (2283 turns).

dorian the Covered (Minotaur Abyssal Knight)        Turns: 2283, Time: 00:04:08

Health: -5/45      AC: 12    Str: 17    XL:     5   Next: 91%
Magic:  6/6        EV:  5    Int:  9    God:    Lugonu [**....]
Gold:   111        SH:  0    Dex: 10    Spells: 0 memorised, 4 levels left

rFire  . . .     SeeInvis .     r - +0 war axe
rCold  . . .     Clarity  .     m - +0 plate armour
rNeg   . . .     SustAt   .     (no shield)
rPois  .         Gourm    .     (helmet restricted)
rElec  .         Spirit   .     (no cloak)
rCorr  .         Warding  .     (no gloves)
rMut   .         Stasis   .     (no boots)
MR     .....                    (no amulet)
Stlth  ..........               (no ring)
                                (no ring)

@: not resistant to hostile enchantments, extremely unstealthy
A: retaliatory headbutt, horns 2
a: Depart the Abyss, Bend Space, Renounce Religion


You were on level 3 of the Dungeon.
You worshipped Lugonu.
Lugonu was pleased with you.
You were not hungry.

You visited 1 branch of the dungeon, and saw 3 of its levels.
You visited the Abyss 1 time.

You collected 111 gold pieces.

Inventory:

Hand Weapons
 a - a +1 hand axe
 r - a +0 war axe (weapon)
Armour
 b - a +0 leather armour
 m - a +0 plate armour (worn)
Wands
 n - a wand of magic darts (10)
Scrolls
 d - a scroll of blinking {unknown}
 f - 3 scrolls of amnesia {unknown}
 k - a scroll of fog {unknown}
 l - 2 scrolls of identify {unknown}
 o - a scroll of noise {unknown}
 p - a scroll of fear {unknown}
 q - a scroll of magic mapping {unknown}
 u - a scroll of recharging {unknown}
Potions
 e - 2 potions of invisibility {unknown}
 i - a potion of lignification {unknown}
 j - a potion of flight {unknown}
 t - a potion of curing
Comestibles
 c - a bread ration
 g - 6 fruits
 h - 2 meat rations
 s - 12 chunks of flesh


   Skills:
 - Level 3.6 Fighting
 + Level 4.6 Axes
 + Level 4.9 Armour
 - Level 1.1 Dodging
 + Level 3.7 Invocations


You had 4 spell levels left.
You didn't know any spells.

Dungeon Overview and Level Annotations

Branches:
Dungeon (3/15)

Altars:
Ashenzari

Annotations:
D:3 dorian's ghost, amateur HOAK


Innate Abilities, Weirdness & Mutations

You reflexively headbutt those who attack you in melee.
You have a pair of horns on your head.


Message History

Dorian's ghost hits you but does no damage.
You hit dorian's ghost but do no damage.
Dorian's ghost is heavily damaged.
Dorian's ghost hits you but does no damage.
Dorian's ghost hits you.
Your plate armour prevents you from hitting dorian's ghost.
Dorian's ghost is heavily damaged.
Dorian's ghost hits you but does no damage.
You hit dorian's ghost but do no damage.
Dorian's ghost is heavily damaged.
Dorian's ghost hits you but does no damage.
You barely miss dorian's ghost. Your headbutt misses dorian's ghost.
Dorian's ghost is heavily damaged.
Dorian's ghost hits you but does no damage.
You hit dorian's ghost but do no damage.
Dorian's ghost is heavily damaged.
Dorian's ghost hits you!
* * * LOW HITPOINT WARNING * * *
x2 Dorian's ghost hits you!
You die...

#).......<.......
#.....(#.#######.
#####...(.'...
.........[#.###
...##.#([.#+# ยง.
##..#'#...# .
+..g..#...#
โ‰ˆโ‰ˆ##W###...#
##โ‰ˆ #@)# ...#
##.###+## #..##.#
##.##.# #..#.#
##.#.#
#...##########
##..#...)....#
#..#...)....#


You could see dorian's ghost and a hobgoblin.

Vanquished Creatures
  Ijyb (D:2)
  An orc wizard (D:3)
  6 adders
  7 gnolls
  A worm (D:3)
  3 giant geckos
  8 orcs (D:3)
  3 goblins (D:2)
  6 hobgoblins
  A quokka (D:2)
  5 bats
  4 giant cockroaches
  4 giant newts
  14 kobolds
  6 rats
70 creatures vanquished.

Notes
Turn   | Place    | Note
--------------------------------------------------------------
     0 | Abyss:1  | dorian the Minotaur Abyssal Knight began the quest for the Orb.
     0 | Abyss:1  | Reached XP level 1. HP: 19/19 MP: 1/1
    33 | Abyss:1  | Noticed a small abomination
    33 | Abyss:1  | Noticed a purple very ugly thing
    35 | D:1      | Escaped the Abyss
   119 | D:1      | Reached * piety under Lugonu
   154 | D:1      | Reached XP level 2. HP: 26/26 MP: 2/2
   649 | D:2      | Reached XP level 3. HP: 25/31 MP: 3/3
   751 | D:2      | Noticed Ijyb
   773 | D:2      | Killed Ijyb
  1030 | D:2      | Reached XP level 4. HP: 37/39 MP: 4/4
  1078 | D:2      | Reached ** piety under Lugonu
  1270 | D:2      | Reached skill level 4 in Armour
  1347 | D:2      | Found a shattered altar of Ashenzari.
  1528 | D:2      | Reached XP level 5. HP: 45/45 MP: 6/6
  2000 | D:3      | Noticed dorian's ghost (amateur HOAK)
  2283 | D:3      | Slain by dorian's ghost

Action                   |  1- 3 |  4- 6 || total
-------------------------+-------+-------++-------
Melee: Hand axe          |    86 |    90 ||   176
       War axe           |       |    57 ||    57
Invok: Depart the Abyss  |     1 |       ||     1
  Eat: Chunk             |     1 |     4 ||     5
